 Dungeon Sprint DCSS version 0.27-a0-1217-g8a41f320e8 (webtiles) character file.

Game seed: 7017843051661030707

2719 mhtbhm the Cleaver (level 9, 0/76 HPs)
             Began as a Human Berserker on June 6, 2021.
             Was a High Priest of Trog.
             Killed from afar by a spriggan druid (26 damage)
             ... with a stone arrow
             ... in the Dungeon (Sprint IV: "Fedhas' Mad Dash").
             The game lasted 00:03:37 (3728 turns).

mhtbhm the Cleaver (Human Berserker)                Turns: 3728, Time: 00:03:38

Health: 0/76       AC:  3    Str: 21    XL:     9   Next: 98%
Magic:  9/9        EV: 13    Int:  8    God:    Trog [*****.]
Gold:   165        SH:  0    Dex: 12    Spells: 8/8 levels left

rFire    . . .     SeeInvis .   a - +3 battleaxe (vorpal)
rCold    + + .     Faith    .   (shield currently unavailable)
rNeg     + . .     Spirit   .   i - +0 leather armour
rPois    .         Reflect  .   (no helmet)
rElec    .         Harm     .   (no cloak)
rCorr    .         Rampage  .   (no gloves)
Will     .....     NoTele   +   (no boots)
Stlth    +++++.....             k - amulet of invisibility {+Inv}
HPRegen  0.22/turn              p - ring "Cejumer" {rC+ rN+}
MPRegen  0.11/turn              (no ring)

@: on berserk cooldown, slowed, very slow
A: cold resistance 1, sense surroundings 1, wild magic 1, MP-powered wands
a: Renounce Religion, Evoke Invisibility, Berserk, Trog's Hand, Brothers in Arms


You were in the Dungeon.
You worshipped Trog.
Trog was extremely pleased with you.
You visited 1 branch You collected 165 gold pieces.

Inventory:

Hand Weapons
 a - a +3 vorpal battleaxe (weapon)
Armour
 b - a +0 animal skin
 i - a +0 leather armour (worn)
Jewellery
 k - the amulet of invisibility (around neck) {+Inv}
   (You found it in the Dungeon)

   [amulet of nothing]

   It lets you turn invisible.
 p - the ring "Cejumer" (left hand) {rC+ rN+}
   (You found it in the Dungeon)

   [ring of positive energy]

   It protects you from cold.
   It protects you from negative energy.
Wands
 h - a wand of acid (8)
 n - a wand of flame (17)
Scrolls
 j - a scroll of brand weapon
 o - a scroll of torment {unknown}
Potions
 c - a potion of curing
 d - a potion of heal wounds
 e - a potion of haste
 f - 2 potions of magic
 g - a potion of berserk rage
 l - a potion of mutation
Miscellaneous
 m - a condenser vane


   Skills:
 + Level 9.3 Fighting
 + Level 12.5 Axes
 + Level 6.0 Armour
 + Level 5.9 Dodging
 + Level 12.2 Stealth
 + Level 7.7 Evocations


You had 8 spell levels left.
You didn't know any spells.
Your spell library was empty.

Dungeon Overview and Level Annotations

Branches:
Dungeon (1/1)

Altars:
Cheibriados
Dithmenos
Elyvilon
Gozag
Hepliaklqana
Kikubaaqudgha
Makhleb
Nemelex Xobeh
Okawaru
Qazlal
Ru
Sif Muna
Trog
Uskayaw
Vehumet
Wu Jian
Xom
Yredelemnul
Zin
The Shining One
Beogh
Jiyva
Lugonu

Shops:
D =*?*


Innate Abilities, Weirdness & Mutations

Your flesh is cold resistant. (rC+)
You passively map a small area around you.
Your spells are a little harder to cast, but a little more powerful.
You expend magic power (3 MP) to strengthen your wands.


Message History

You miss the spriggan druid.
The spriggan druid hits you with a +0 quarterstaff!!
You closely miss the spriggan druid.
The spriggan druid gestures at you while chanting.
The stone arrow misses you.
You hit the spriggan druid.
The spriggan druid is lightly wounded.
You miss the spriggan druid.
The spriggan druid is lightly wounded.
The spriggan druid hits you with a +0 quarterstaff!!
You slash the spriggan druid!
The spriggan druid is heavily wounded.
The spriggan druid hits you with a +0 quarterstaff.
You miss the spriggan druid.
The spriggan druid is heavily wounded.
You hit the spriggan druid.
The spriggan druid is heavily wounded.
The spriggan druid barely misses you.
You miss the spriggan druid.
The spriggan druid is heavily wounded.
The spriggan druid closely misses you.
You miss the spriggan druid.
The spriggan druid is heavily wounded.
The spriggan druid barely misses you.
You slash the spriggan druid!
The spriggan druid is almost dead.
The spriggan druid gestures wildly while chanting.
The forest starts to sway and rumble!
You hit the spriggan druid.
The spriggan druid is almost dead.
You are no longer berserk.
You are exhausted.
You feel yourself slow down.
You miss the spriggan druid.
The spriggan druid is almost dead.
You are hit by a branch! x2
The spriggan druid calls out to the beasts of the wild!
The spriggan druid casts a spell at you.
The stone arrow hits you!!
You die...

...'.#...'.._._._._._..'..#...#†.
...#.#...#..._._._._...#..###'##.
#######'##.._._._._._..#..##∩∩.'.
.....'...#._._._._._.⌠.##########
.....#...###############
.♣..######♣♣♣♣♣..♣$#**,+ +
######.)'......♣..♣#*
'.......#♣..♣♣♣.♣i.#** ,
#......)#.♣♣.)♣.@$♣ , *
########## *#######* , * ,, , , ,
* , , , , ,,* , ,,,, ,, , , * * +
* * * , ∩* , , ,


You could see a spriggan druid.

Vanquished Creatures
  2 oklob plants (D)
  3 burning bushes (D)
  A queen bee (D)
  3 wandering mushrooms (D)
  3 scorpions (D)
  4 killer bees (D)
  5 oklob saplings (D)
  2 spriggans (D)
  A river rat (D)
  A rat (D)
25 creatures vanquished.

Notes
Turn   | Place    | Note
-------+----------+-------------------------------------------
     0 | D        | mhtbhm the Human Berserker began the quest for the Orb.
     0 | D        | Reached XP level 1. HP: 18/18 MP: 1/1
    11 | D        | Reached XP level 2. HP: 25/25 MP: 2/2
    51 | D        | Noticed an oklob sapling
    57 | D        | Killed an oklob sapling
    57 | D        | Reached ** piety under Trog
    58 | D        | Reached skill level 5 in Axes
    58 | D        | Reached XP level 3. HP: 12/32 MP: 3/3
   388 | D        | Noticed a scorpion
   389 | D        | Found the amulet of invisibility {+Inv}
   393 | D        | Killed a scorpion
   394 | D        | Reached XP level 4. HP: 40/40 MP: 4/4
   654 | D        | Found an opulent altar of Gozag.
   654 | D        | Found a hazy altar of Hepliaklqana.
   654 | D        | Found a burning altar of Makhleb.
   654 | D        | Found a sparkling altar of Nemelex Xobeh.
   654 | D        | Found a snail-covered altar of Cheibriados.
   654 | D        | Found a sacrificial altar of Ru.
   654 | D        | Found a shimmering blue altar of Sif Muna.
   654 | D        | Found a shimmering altar of Xom.
   654 | D        | Found a basalt altar of Yredelemnul.
   655 | D        | Found a viscous altar of Jiyva.
   655 | D        | Found a bloodstained altar of Trog.
   655 | D        | Found an ornate altar of the Wu Jian Council.
   655 | D        | Noticed an oklob sapling priest
   656 | D        | Found an iron altar of Okawaru.
   656 | D        | Found a shadowy altar of Dithmenos.
   656 | D        | Found a glowing silver altar of Zin.
   657 | D        | Found an ancient bone altar of Kikubaaqudgha.
   657 | D        | Found a hide-covered altar of Uskayaw.
   658 | D        | Found a stormy altar of Qazlal.
   658 | D        | Found a white marble altar of Elyvilon.
   658 | D        | Found a glowing golden altar of the Shining One.
   659 | D        | Found a corrupted altar of Lugonu.
   659 | D        | Found a radiant altar of Vehumet.
   665 | D        | Killed an oklob sapling priest
   666 | D        | Reached XP level 5. HP: 47/47 MP: 3/5
   710 | D        | Reached *** piety under Trog
   711 | D        | Reached skill level 1 in Stealth
   711 | D        | Reached skill level 1 in Evocations
   936 | D        | Reached XP level 6. HP: 55/55 MP: 6/6
  1066 | D        | Found Quinegol's General Store.
  1066 | D        | Found Yfifil's Jewellery Emporium.
  1382 | D        | Noticed a queen bee
  1394 | D        | Reached **** piety under Trog
  1395 | D        | Reached skill level 5 in Armour
  1395 | D        | Reached XP level 7. HP: 55/62 MP: 5/7
  1396 | D        | Reached skill level 5 in Stealth
  1396 | D        | Killed a queen bee
  1397 | D        | Reached skill level 10 in Axes
  1397 | D        | Reached skill level 5 in Dodging
  1567 | D        | Noticed an oklob plant
  1590 | D        | HP: 4/94 [acid (10)]
  2193 | D        | Killed an oklob plant
  2194 | D        | Reached XP level 8. HP: 69/69 MP: 6/8
  2341 | D        | Noticed a burning bush
  2353 | D        | Killed a burning bush
  2353 | D        | Reached ***** piety under Trog
  2354 | D        | Reached skill level 5 in Evocations
  2541 | D        | Noticed a burning bush
  2541 | D        | Noticed an oklob plant
  2542 | D        | Noticed a wandering mushroom
  2547 | D        | Killed a burning bush
  2548 | D        | Reached skill level 10 in Stealth
  2548 | D        | Reached XP level 9. HP: 75/75 MP: 6/9
  2631 | D        | Killed an oklob plant
  3024 | D        | Received a gift from Trog
  3208 | D        | Noticed a burning bush
  3208 | D        | Noticed a wandering mushroom
  3215 | D        | Noticed a wandering mushroom
  3525 | D        | Killed a wandering mushroom
  3526 | D        | Killed a wandering mushroom
  3533 | D        | Killed a burning bush
  3564 | D        | Found Yceakh's General Store.
  3564 | D        | Found Kuesidooti's Magic Scroll Shoppe.
  3568 | D        | Identified the ring "Cejumer" {rC+ rN+}
  3576 | D        | Gained mutation: Your flesh is cold resistant. (rC+)
                  | [potion of mutation]
  3576 | D        | Gained mutation: You passively map a small area around you.
                  | [potion of mutation]
  3576 | D        | Gained mutation: You expend magic power (3 MP) to
                  | strengthen your wands. [potion of mutation]
  3576 | D        | Gained mutation: Your spells are a little harder to cast,
                  | but a little more powerful. [potion of mutation]
  3715 | D        | Noticed a spriggan druid
  3728 | D        | Killed from afar by a spriggan druid

Illustrated notes

Levels and vault maps discovered:
D:        dungeon_sprint_fedhas [sprint_temple]

Skill      XL: |  1  2  3  4  5  6  7  8  9 |
---------------+----------------------------+-----
Fighting       | 4 6 7 8 9 |  9.3
Axes           | 4 5 6 7 9 10 11 12 | 12.5
Armour         | 3 4 5 6 |  6.0
Dodging        | 3 4 5 |  5.9
Stealth        | 1 4 8 10 12 | 12.2
Evocations     | 1 2 4 5 7 |  7.7

Action                   |  1- 3 |  4- 6 |  7- 9 || total
-------------------------+-------+-------+-------++-------
Melee: Hand axe          |    11 |    28 |    74 ||   113
       Battleaxe         |       |       |    22 ||    22
Invok: Berserk           |     3 |     5 |     9 ||    17
 Abil: Evoke Invisibilit |       |     3 |     6 ||     9
  Use: Scroll            |       |       |     2 ||     2
       Potion            |       |       |     1 ||     1
 Stab: Sleeping          |       |     4 |     2 ||     6
       Invisible         |       |     6 |    11 ||    17
Armor: Leather armour    |       |     5 |       ||     5
Dodge: Dodged            |     3 |    14 |    21 ||    38

Table legend: (Time is in decaauts)
 A = Elapsed time spent in this place.
 B = Non-inter-level travel time spent in this place.
 C = Inter-level travel time spent in this place.
 D = Time resting spent in this place.
 E = Time spent auto-exploring this place.
 F = Levels seen in this place.
 G = Mean time per level.
                   A        B        C        D        E       F      G
               +--------+--------+--------+--------+--------+-----+--------+
         Total |   3842 |   3825 |     17 |   3309 |      0 |   1 | 3842.0 |
       Dungeon |   3842 |   3825 |     17 |   3309 |      0 |   1 | 3842.0 |
               +--------+--------+--------+--------+--------+-----+--------+

Top non-repeatable levels by time:
       D: 3842 daAuts
